3L
TOLEDO STINGERS @ PANAMA CITY PIRANHAS
06/04/2042
 
TOP OF THE 1ST
Toledo Stingers batting - Pitching for Panama City Piranhas : RHP Dylan Grandjean
Pitching: RHP Dylan Grandjean
Batting: LHB Grover Barbaran 0-0: Called Strike
0-1: Ball
1-1: Ball
2-1: Bunted foul
2-2: Ground out 6-3 (Groundball, 56, EV 103.8 MPH)
Batting: LHB Matt Dunlap 0-0: Ball
1-0: Ball
2-0: Called Strike
2-1: Swinging Strike
2-2: Foul Ball, location: 2F
2-2: Foul Ball, location: 2F
2-2: Ball
3-2: Foul Ball, location: 2F
3-2: Base on Balls
Batting: RHB Baldomero Avino 0-0: Called Strike
0-1: Ball
1-1: Foul Ball, location: 2F
1-2: Foul Ball, location: 2F
1-2: Strikes out looking
Batting: LHB Lester Threlfall 0-0: Ball
1-0: Ball
2-0: Called Strike
2-1: Ball
3-1: Base on Balls
Matt Dunlap to second
Batting: LHB Pedro Serano 0-0: Ball
1-0: Ground out 4-3 (Groundball, 4S, EV 87.5 MPH)
Top of the 1st over - 0 runs, 0 hits, 0 errors, 2 left on base; Toledo 0 - Panama City 0
BOTTOM OF THE 1ST
Panama City Piranhas batting - Pitching for Toledo Stingers : LHP An Jang-Yop
Pitching: LHP An Jang-Yop
Batting: LHB Oasiz Wiesblatt 0-0: Ball
1-0: Ball
2-0: Foul Ball, location: 2F
2-1: Ground out 3-1 (Groundball, 34, EV 106.2 MPH)
Batting: RHB Kieran Hansen 0-0: Ground out 6-3 (Groundball, 56, EV 88.8 MPH)
Batting: RHB Blaze Alexander 0-0: Ball
1-0: Ball
2-0: SINGLE (Line Drive, 9S, EV 101.2 MPH)
Batting: RHB Cleveland Kraut 0-0: Ball
1-0: Ball
2-0: Ground out 1-3 (Groundball, 15S, EV 65.0 MPH)
Bottom of the 1st over - 0 runs, 1 hit, 0 errors, 1 left on base; Toledo 0 - Panama City 0
TOP OF THE 2ND
Toledo Stingers batting - Pitching for Panama City Piranhas : RHP Dylan Grandjean
Batting: RHB David Alcabú 0-0: Ground out 6-3 (Groundball, 6, EV 91.2 MPH)
Batting: RHB Brook Linen 0-0: Ball
1-0: Ball
2-0: SINGLE (Line Drive, 6M, EV 104.4 MPH)
Batting: LHB Snow Wang 0-0: Ball
Wild Pitch!
Brook Linen to second
1-0: Foul Ball, location: 2F
1-1: Ball
2-1: Foul Ball, location: 2F
2-2: Ground out 4-3 (Groundball, 34, EV 85.0 MPH)
Brook Linen to third
Batting: RHB Anselmo Berneu 0-0: Ball
1-0: Foul Ball, location: 2F
1-1: Ball
2-1: Ball
3-1: Fly out, F8 (Flyball, 8LM, EV 73.1 MPH)
Top of the 2nd over - 0 runs, 1 hit, 0 errors, 1 left on base; Toledo 0 - Panama City 0
BOTTOM OF THE 2ND
Panama City Piranhas batting - Pitching for Toledo Stingers : LHP An Jang-Yop
Batting: RHB Silvian Burger 0-0: Ground out 6-3 (Groundball, 6, EV 88.8 MPH)
Batting: LHB Ji-e Loh 0-0: Foul Ball, location: 2F
0-1: Ball
1-1: Ball
2-1: Ball
3-1: DOUBLE (Line Drive, 9LD, EV 106.9 MPH)
Batting: RHB Carsello Scruggins 0-0: Called Strike
0-1: Foul Ball, location: 2F
0-2: Ball
1-2: Strikes out swinging
Batting: RHB Luke Thornton 0-0: Ball
1-0: Ball
2-0: Called Strike
2-1: SINGLE (Line Drive, 89S, EV 103.8 MPH)
Ji-e Loh to third
Runner from 3rd tries for Home, throw by CF and OUT! 8-2
Bottom of the 2nd over - 0 runs, 2 hits, 0 errors, 1 left on base; Toledo 0 - Panama City 0
TOP OF THE 3RD
Toledo Stingers batting - Pitching for Panama City Piranhas : RHP Dylan Grandjean
Batting: LHB Grover Barbaran 0-0: Ground out 5-3 (Groundball, 56, EV 84.4 MPH)
Batting: LHB Matt Dunlap 0-0: Called Strike
0-1: Ball
1-1: Foul Ball, location: 2F
1-2: Foul Ball, location: 2F
1-2: Ball
2-2: Foul Ball, location: 2F
2-2: Ball
3-2: Fly out, F9 (Flyball, 9S, EV 84.4 MPH)
Batting: RHB Baldomero Avino 0-0: Swinging Strike
0-1: Swinging Strike
0-2: Ball
1-2: Ball
2-2: Ball
3-2: Base on Balls
Batting: LHB Lester Threlfall 0-0: Foul Ball, location: 2F
0-1: Ground out 4-3 (Groundball, 34, EV 91.2 MPH)
Top of the 3rd over - 0 runs, 0 hits, 0 errors, 1 left on base; Toledo 0 - Panama City 0
BOTTOM OF THE 3RD
Panama City Piranhas batting - Pitching for Toledo Stingers : LHP An Jang-Yop
Batting: SHB Christian Cole 0-0: Ground out 4-3 (Groundball, 4, EV 82.5 MPH)
Batting: LHB Oasiz Wiesblatt 0-0: Swinging Strike
0-1: Foul Ball, location: 2F
0-2: Strikes out looking
Batting: RHB Kieran Hansen 0-0: Ball
1-0: Ball
2-0: Foul Ball, location: 2F
2-1: Ball
3-1: Fly out, F3 (Popup, 3F, EV 68.8 MPH)
Bottom of the 3rd over - 0 runs, 0 hits, 0 errors, 0 left on base; Toledo 0 - Panama City 0
TOP OF THE 4TH
Toledo Stingers batting - Pitching for Panama City Piranhas : RHP Dylan Grandjean
Batting: LHB Pedro Serano 0-0: Ball
1-0: Foul Ball, location: 2F
1-1: Fly out, F4 (Flyball, 4D, EV 88.8 MPH)
Batting: RHB David Alcabú 0-0: Ball
1-0: Foul Ball, location: 2F
1-1: Called Strike
1-2: Ground out 2-3 (Groundball, 2R, EV 66.2 MPH)
Batting: RHB Brook Linen 0-0: Ball
1-0: Ground out 6-3 (Groundball, 6, EV 88.8 MPH)
Top of the 4th over - 0 runs, 0 hits, 0 errors, 0 left on base; Toledo 0 - Panama City 0
BOTTOM OF THE 4TH
Panama City Piranhas batting - Pitching for Toledo Stingers : LHP An Jang-Yop
Batting: RHB Blaze Alexander 0-0: Ball
1-0: Called Strike
1-1: Ball
2-1: Ball
3-1: Fly out, F9 (Flyball, 9, EV 80.0 MPH)
Batting: RHB Cleveland Kraut 0-0: Ball
1-0: Fly out, F8 (Flyball, 8RM, EV 91.2 MPH)
Batting: RHB Silvian Burger 0-0: Called Strike
0-1: Ball
1-1: Ground out U3 (Groundball, 3L, EV 100.0 MPH)
Bottom of the 4th over - 0 runs, 0 hits, 0 errors, 0 left on base; Toledo 0 - Panama City 0
TOP OF THE 5TH
Toledo Stingers batting - Pitching for Panama City Piranhas : RHP Dylan Grandjean
Batting: LHB Snow Wang 0-0: Called Strike
0-1: Ball
1-1: Ground out 3-1 (Groundball, 34, EV 88.1 MPH)
Batting: RHB Anselmo Berneu 0-0: Called Strike
0-1: Fly out, F7 (Flyball, 78M, EV 88.8 MPH)
Batting: LHB Grover Barbaran 0-0: TRIPLE (Line Drive, 78XD, EV 106.9 MPH)
Batting: LHB Matt Dunlap 0-0: Ball
1-0: Foul Ball, location: 2F
1-1: Called Strike
1-2: Ball
2-2: Ball
3-2: 2-RUN HOME RUN (Flyball, 9LD, EV 103.1 MPH), Distance : 348 ft
Batting: RHB Baldomero Avino 0-0: Foul Ball, location: 2F
0-1: Ground out 6-3 (Groundball, 6, EV 91.2 MPH)
Top of the 5th over - 2 runs, 2 hits, 0 errors, 0 left on base; Toledo 2 - Panama City 0
BOTTOM OF THE 5TH
Panama City Piranhas batting - Pitching for Toledo Stingers : LHP An Jang-Yop
Batting: LHB Ji-e Loh 0-0: Fly out, F4 (Line Drive, 4, EV 73.1 MPH)
Batting: RHB Carsello Scruggins 0-0: Foul Ball, location: 2F
0-1: Foul Ball, location: 2F
0-2: Strikes out looking
Batting: RHB Luke Thornton 0-0: Foul Ball, location: 2F
0-1: Foul Ball, location: 2F
0-2: Ground out 5-3 (Groundball, 56, EV 96.2 MPH)
Bottom of the 5th over - 0 runs, 0 hits, 0 errors, 0 left on base; Toledo 2 - Panama City 0
TOP OF THE 6TH
Toledo Stingers batting - Pitching for Panama City Piranhas : RHP Dylan Grandjean
Batting: LHB Lester Threlfall 0-0: Swinging Strike
0-1: Fly out, F5 (Line Drive, 5, EV 63.8 MPH)
Batting: LHB Pedro Serano 0-0: Foul Ball, location: 2F
0-1: Fly out, F7 (Flyball, 7S, EV 93.1 MPH)
Batting: RHB David Alcabú 0-0: Ball
1-0: Ball
2-0: Called Strike
2-1: Reached on error, E1 (Groundball, 25, EV 83.8 MPH)
Batting: RHB Brook Linen 0-0: Ball
1-0: Called Strike
1-1: Ball
2-1: SINGLE (Groundball, 56, EV 100.0 MPH) (infield hit)
David Alcabú to third
Pitching: RHP Barney Starr
Batting: LHB Snow Wang 0-0: SINGLE (Groundball, 3D, EV 105.6 MPH)
David Alcabú scores
Brook Linen to second
Runner from 2nd tries for 3rd, SAFE, throw by RF made to third
Batting: RHB Anselmo Berneu 0-0: Ball
1-0: Ball
2-0: Fly out, F9 (Line Drive, 9, EV 95.6 MPH)
Top of the 6th over - 1 run, 2 hits, 1 error, 2 left on base; Toledo 3 - Panama City 0
BOTTOM OF THE 6TH
Panama City Piranhas batting - Pitching for Toledo Stingers : LHP An Jang-Yop
Batting: SHB Christian Cole 0-0: Called Strike
0-1: Fly out, F9 (Flyball, 9LSF, EV 79.4 MPH)
Batting: LHB Oasiz Wiesblatt 0-0: Called Strike
0-1: Ball
1-1: Ball
2-1: Fly out, F8 (Flyball, 8LXD, EV 104.4 MPH)
Batting: RHB Kieran Hansen 0-0: Called Strike
0-1: Foul Ball, location: 2F
0-2: Ball
1-2: Ground out U3 (Groundball, 34, EV 94.4 MPH)
Bottom of the 6th over - 0 runs, 0 hits, 0 errors, 0 left on base; Toledo 3 - Panama City 0
TOP OF THE 7TH
Toledo Stingers batting - Pitching for Panama City Piranhas : RHP Barney Starr
Pitching: LHP Gunner Cross
Batting: LHB Grover Barbaran 0-0: Ball
1-0: Called Strike
1-1: Ball
2-1: Ball
3-1: Base on Balls
Batting: LHB Matt Dunlap 0-0: Ball
1-0: Grounds into double play, 4-6-3 (Groundball, 4, EV 106.2 MPH)
Batting: RHB Baldomero Avino 0-0: Ball
1-0: Ground out 5-3 (Groundball, 56S, EV 86.2 MPH)
Top of the 7th over - 0 runs, 0 hits, 0 errors, 0 left on base; Toledo 3 - Panama City 0
BOTTOM OF THE 7TH
Panama City Piranhas batting - Pitching for Toledo Stingers : LHP An Jang-Yop
Batting: RHB Blaze Alexander 0-0: Ball
1-0: Ball
2-0: SOLO HOME RUN (Flyball, 78XD, EV 100.0 MPH), Distance : 383 ft
Batting: RHB Cleveland Kraut 0-0: Foul Ball, location: 2F
0-1: Ball
1-1: Ball
2-1: Swinging Strike
2-2: Strikes out swinging
Batting: RHB Silvian Burger 0-0: Ball
1-0: Swinging Strike
1-1: Ball
2-1: Ball
3-1: DOUBLE (Flyball, 8LXD, EV 95.6 MPH)
Batting: LHB Ji-e Loh 0-0: Ball
1-0: Ball
2-0: Foul Ball, location: 2F
2-1: Swinging Strike
2-2: Strikes out swinging
Batting: RHB Carsello Scruggins 0-0: Called Strike
0-1: Ball
1-1: Foul Ball, location: 2F
1-2: Foul Ball, location: 2F
1-2: Ball
2-2: Foul Ball, location: 2F
2-2: Strikes out swinging
Bottom of the 7th over - 1 run, 2 hits, 0 errors, 1 left on base; Toledo 3 - Panama City 1
TOP OF THE 8TH
Toledo Stingers batting - Pitching for Panama City Piranhas : LHP Gunner Cross
Batting: LHB Lester Threlfall 0-0: Called Strike
0-1: Called Strike
0-2: Strikes out swinging
Batting: LHB Pedro Serano 0-0: Foul Ball, location: 2F
0-1: Ball
1-1: Foul Ball, location: 2F
1-2: Ball
2-2: Ball
3-2: Fly out, F8 (Flyball, 89D, EV 93.1 MPH)
Batting: RHB David Alcabú 0-0: Foul Ball, location: 2F
0-1: Foul Ball, location: 2F
0-2: Ground out 6-3 (Groundball, 6, EV 98.1 MPH)
Top of the 8th over - 0 runs, 0 hits, 0 errors, 0 left on base; Toledo 3 - Panama City 1
BOTTOM OF THE 8TH
Panama City Piranhas batting - Pitching for Toledo Stingers : LHP An Jang-Yop
Batting: RHB Luke Thornton 0-0: Called Strike
0-1: Foul Ball, location: 2F
0-2: Strikes out swinging
Batting: SHB Christian Cole 0-0: Swinging Strike
0-1: Ball
1-1: SINGLE (Flyball, 34D, EV 87.5 MPH)
Batting: LHB Oasiz Wiesblatt 0-0: Ball
1-0: Foul Ball, location: 2F
1-1: Ball
2-1: Reached on error, E7 (Flyball, 78D, EV 91.9 MPH)
Christian Cole to third
Batting: RHB Kieran Hansen 0-0: Fly out, F9 (Flyball, 9S, EV 87.5 MPH)
Batting: RHB Blaze Alexander 0-0: Ball
1-0: Called Strike
1-1: Ball
2-1: Foul Ball, location: 2F
2-2: Strikes out swinging
Bottom of the 8th over - 0 runs, 1 hit, 1 error, 2 left on base; Toledo 3 - Panama City 1
TOP OF THE 9TH
Toledo Stingers batting - Pitching for Panama City Piranhas : LHP Gunner Cross
Batting: RHB Brook Linen 0-0: Called Strike
0-1: Ground out 5-3 (Groundball, 56, EV 83.1 MPH)
Batting: LHB Snow Wang 0-0: Fly out, F3 (Line Drive, 3, EV 64.4 MPH)
Batting: RHB Anselmo Berneu 0-0: Foul Ball, location: 2F
0-1: Called Strike
0-2: Ball
1-2: Strikes out swinging
Top of the 9th over - 0 runs, 0 hits, 0 errors, 0 left on base; Toledo 3 - Panama City 1
BOTTOM OF THE 9TH
Panama City Piranhas batting - Pitching for Toledo Stingers : LHP An Jang-Yop
Pitching: RHP Yoriyoshi Sugimoto
Batting: RHB Cleveland Kraut 0-0: Called Strike
0-1: Ball
1-1: Swinging Strike
1-2: Ground out 6-3 (Groundball, 56, EV 88.8 MPH)
Batting: RHB Silvian Burger 0-0: Foul Ball, location: 2F
0-1: Ball
1-1: Ball
2-1: Ball
3-1: Reached on error, E5 (Groundball, 5, EV 100.6 MPH)
Batting: LHB Ji-e Loh 0-0: Foul Ball, location: 2F
0-1: Swinging Strike
0-2: Strikes out looking
Batting: RHB Carsello Scruggins 0-0: Ball
1-0: DOUBLE (Line Drive, 9LS, EV 93.8 MPH)
Silvian Burger to third
Pinch Hitting: LHB Salvador Ramírez 0-0: Called Strike
0-1: Swinging Strike
0-2: Ball
1-2: Foul Ball, location: 2F
1-2: Ball
2-2: Ball
3-2: Foul Ball, location: 2F
3-2: Fly out, F5 (Popup, 5SF, EV 80.0 MPH)
Bottom of the 9th over - 0 runs, 1 hit, 1 error, 2 left on base; Toledo 3 - Panama City 1
Friday, March 26th, 2021 - OOTP Baseball 20.8 Build 74